 Seeded DCSS version 0.29.1-15-g9cfb28693d (webtiles) character file.

Game seed: 11811001052645388386 (custom seed)

4828 GigaChad the Cleaver (level 10, -1/88 HPs)
             Began as a Minotaur Gladiator on Mar 13, 2023.
             Was an Initiate of Gozag.
             Slain by a yak (7 damage)
             ... on level 9 of the Dungeon.
             The game lasted 00:11:51 (8274 turns).

GigaChad the Cleaver (Minotaur Gladiator)           Turns: 8274, Time: 00:11:52

Health: -1/88      AC: 17    Str: 24    XL:     10   Next: 25%
Magic:  9/9        EV:  9    Int:  8    God:    Gozag
Gold:   426        SH:  0    Dex: 11    Spells: 9/9 levels left

rFire   + . .      SeeInvis .   a - +3 war axe
rCold   . . .      Faith    .   (no shield)
rNeg    . . .      Spirit   .   y - +1 plate armour of the Lost Path {rF+ Int+3}
rPois   .          Reflect  .   c - +1 hat
rElec   .          Harm     .   (no cloak)
rCorr   .          Rampage  +   (no gloves)
Will    .....                   x - +0 pair of boots {rampage}
Stlth   ..........              (no amulet)
HPRegen 0.24/turn               v - +4 ring of slaying
MPRegen 0.11/turn               (no ring)

@: gold aura
A: horns 2, retaliatory headbutt
a: Renounce Religion, Potion Petition, Call Merchant, Bribe Branch


You were on level 9 of the Dungeon.
You worshipped Gozag.
Gozag was aware of your devotion.
You visited 2 branches of the dungeon, and saw 10 of its levels.

You collected 1995 gold pieces.
You spent 776 gold pieces at shops.
You paid 793 gold pieces to Gozag.

Inventory:

Hand Weapons
 a - a +3 war axe (weapon)
Missiles
 d - 4 throwing nets (quivered)
 e - a javelin
Armour
 b - a +0 leather armour
 c - a +1 hat (worn)
 f - a +0 ring mail
 p - a +0 ring mail of cold resistance
 w - a +0 chain mail
 x - a +0 pair of boots of rampaging (worn)
 y - the +1 plate armour of the Lost Path (worn) {rF+ Int+3}
   (You bought it in a shop on level 6 of the Dungeon)

   Int:       It affects your intelligence (+3).
   rF:        It protects you from fire.
Jewellery
 m - a ring of see invisible
 v - a +4 ring of slaying (left hand)
Wands
 B - a wand of quicksilver (15)
 C - a wand of mindburst (4)
Scrolls
 k - 6 scrolls of teleportation
 s - 6 scrolls of identify
 A - a scroll of acquirement
Potions
 g - 6 potions of heal wounds {unknown}
 h - 3 potions of cancellation {unknown}
 i - 4 potions of curing
 j - 3 potions of haste {unknown}
 l - a potion of flight {unknown}
 n - a potion of mutation {unknown}
 o - 2 potions of brilliance {unknown}
 q - 3 potions of lignification {unknown}
 r - a potion of resistance {unknown}
 t - a potion of might {unknown}
 u - 2 potions of berserk rage {unknown}
 z - 3 potions of ambrosia {unknown}


   Skills:
 * Level 7.8 Fighting
 + Level 12.8 Axes
 + Level 2.1 Throwing
 + Level 9.0 Armour
 * Level 5.9 Dodging
 + Level 1.3 Stealth


You had 9 spell levels left.
You didn't know any spells.
Your spell library contained the following spells:

 Spells                   Type           Power      Damage    Failure   Level
 Shock                    Conj/Air       0%         1d3       99%         1
 Ensorcelled Hibernation  Hex/Ice        0%         N/A       100%        2
 Passwall                 Tmut/Erth      0%         N/A       100%        2
 Poisonous Vapours        Pois/Air       0%         N/A       100%        2
 Dazzling Flash           Conj/Hex       0%         N/A       100%        3
 Stone Arrow              Conj/Erth      0%         3d7       100%        3
 Swiftness                Air            0%         N/A       100%        3
 Animate Armour           Summ/Erth      0%         N/A       100%        4
 Iskenderun's Mystic Bla  Conj/Tloc      0%         2d3       100%        4
 Agony                    Necr           0%         N/A       100%        5
 Freezing Cloud           Conj/Ice/Air   0%         6-21      100%        5
 Silence                  Hex/Air        0%         N/A       100%        5
 Starburst                Conj/Fire      0%         6d3       100%        6
 Lehudib's Crystal Spear  Conj/Erth      0%         10d2      100%        8
 Polar Vortex             Ice            0%         N/A       100%        9
 Corpse Rot               Necr/Pois/Air  Unusable   N/A       N/A         4
 Simulacrum               Ice/Necr       Unusable   N/A       N/A         6

Dungeon Overview and Level Annotations

Branches:
Dungeon (9/15)             Temple (1/1) D:4
   Lair: D:8-11         Orc: D:9-12

Altars:
Ashenzari
Dithmenos
Gozag
Makhleb

Shops:
D:6 [   D:7 (

Annotations:
D:8 2 transporters


Innate Abilities, Weirdness & Mutations

You have a pair of horns on your head.
You reflexively headbutt those who attack you in melee.


Message History

The orc shouts!
The orc warrior shouts!
The yak is no longer distracted by gold.
The orc warrior is no longer distracted by gold.
The orc is no longer distracted by gold.
The gnoll sergeant hits you but does no damage.
You open the door. The gnoll sergeant closely misses you.
There is an open door here.
You slash the orc!
You kill the orc!
You rampage towards the gnoll sergeant!
The gnoll sergeant blocks your attack. x2
The gnoll sergeant barely misses you.
Unknown command.
You hit the gnoll sergeant.
You headbutt the gnoll sergeant, but do no damage.
The gnoll sergeant is moderately wounded.
The orc is distracted by your dazzling golden aura.
The gnoll sergeant hits you with a +0 spear.
The gnoll sergeant blocks your attack.
The gnoll sergeant is moderately wounded.
You barely miss the orc warrior.
The orc shouts!
The orc warrior hits you with a +0 battleaxe.
The gnoll sergeant hits you but does no damage.
The yak bellows! x2
The orc warrior attacks as you move away!
The orc warrior hits you with a +0 battleaxe!!
* * * LOW HITPOINT WARNING * * *
The gnoll sergeant hits you but does no damage.
You barely miss the orc warrior. You headbutt the orc warrior.
The orc warrior is moderately wounded.
The orc is no longer distracted by gold.
The gnoll sergeant hits you but does no damage.
You slash the yak!
The yak is heavily wounded.
You hit the orc warrior.
The orc warrior hits you with a +0 battleaxe!
* * * LOW HITPOINT WARNING * * *
The yak gores you!
You die...
Your body crumbles into a pile of gold.

......#.......'........#......'.
......#.......#....#...#......#
......#.....[.#....#...#......#
......#.##...####+###.##....g.
.....##'###'####..###.#....#g###
.....#..#.....#...#...#$...#...#
.....'..#.....#...#...'$>..#$..#
.....#..#.....#...#...#$.g$$...#
.....#..#.....#o@.#...#...Y#...#
.....#####...###Y###+##....######
#.......##...#.ogYY...####......#
#.......#....#...g....# #......#
#.......#....#........# #.Y....#
#....<..# #......g.# +...Y..#
#.......+ #......YY# #......#
#.......# #........# #......#
#......># ####........####......#


You could see 4 yaks, an orc warrior, a gnoll sergeant, 2 gnolls and an orc.

Vanquished Creatures
  Pikel (D:8)
  A kobold demonologist (D:9)
  Prince Ribbit (D:7)
  7 yaks (D:9)
  Eustachio (D:4)
  Menkaure (D:5)
  An ice beast (D:5)
  2 sky beasts (D:6)
  2 black bears
  An ogre (D:4)
  3 centaurs
  2 phantoms
  3 kobold brigands
  3 lemures (D:8)
  4 bullfrogs
  A necrophage (D:6)
  3 scorpions
  A howler monkey (D:7)
  2 jellies
  8 hounds
  3 orc priests
  A gnoll bouda (D:8)
  3 iguanas
  6 orc wizards
  Robin (D:2)
  10 gnolls
  5 adders
  A shadow imp (D:6)
  A white imp (D:5)
  2 worms
  3 dart slugs
  32 orcs
  6 endoplasms
  4 giant cockroaches
  17 goblins
  12 hobgoblins
  2 quokkas
  6 ball pythons
  6 bats
  3 frilled lizards
  17 kobolds
  10 rats
199 creatures vanquished.

Vanquished Creatures (others)
  3 fungi (D:2)
  10 plants
13 creatures vanquished.

Grand Total: 212 creatures vanquished

Notes
Turn   | Place    | Note
-------+----------+-------------------------------------------
     0 | D:1      | GigaChad the Minotaur Gladiator began the quest for the
                  | Orb.
     0 | D:1      | Reached XP level 1. HP: 18/18 MP: 0/0
   152 | D:1      | Reached skill level 4 in Axes
   152 | D:1      | Reached XP level 2. HP: 25/25 MP: 1/1
   690 | D:1      | Reached XP level 3. HP: 29/30 MP: 2/2
  1511 | D:2      | Identified a scroll of acquirement
  1511 | D:2      | Acquired 866 gold pieces
  1812 | D:2      | Noticed Robin
  1817 | D:2      | Reached skill level 1 in Armour
  1821 | D:2      | Killed Robin
  1831 | D:2      | Reached XP level 4. HP: 18/37 MP: 3/3
  2171 | D:2      | Found a faded altar of an unknown god.
  2197 | D:2      | Got Plato's Precepts of Lightning
  2723 | D:3      | Reached skill level 5 in Axes
  3242 | D:4      | Noticed a phantom
  3253 | D:4      | Killed a phantom
  3254 | D:4      | Reached XP level 5. HP: 19/45 MP: 4/4
  3628 | D:4      | Noticed an ogre
  3629 | D:4      | Noticed a black bear
  3635 | D:4      | Killed an ogre
  3636 | D:4      | Reached skill level 6 in Axes
  3636 | D:4      | Reached XP level 6. HP: 39/51 MP: 5/5
  3769 | D:4      | Noticed Eustachio
  3778 | D:4      | Killed Eustachio
  3779 | D:4      | Reached skill level 7 in Axes
  3779 | D:4      | Reached XP level 7. HP: 35/58 MP: 6/6
  3932 | D:4      | Found a staircase to the Ecumenical Temple.
  3944 | Temple   | Entered the Ecumenical Temple
  3976 | Temple   | Became a worshipper of Gozag Ym Sagoz the Greedy
  4365 | D:5      | Entered Level 5 of the Dungeon
  4428 | D:5      | Reached skill level 5 in Armour
  4739 | D:5      | Noticed Menkaure
  4744 | D:5      | Killed Menkaure
  4745 | D:5      | Reached skill level 8 in Axes
  4745 | D:5      | Reached XP level 8. HP: 67/67 MP: 7/7
  4976 | D:5      | Found a burning altar of Makhleb.
  5283 | D:6      | Reached skill level 9 in Axes
  5362 | D:6      | Reached skill level 5 in Dodging
  5395 | D:6      | Reached skill level 5 in Fighting
  5595 | D:6      | Reached skill level 1 in Stealth
  5712 | D:6      | Reached skill level 10 in Axes
  5782 | D:6      | Found a glowing drain.
  6283 | D:6      | Reached XP level 9. HP: 66/74 MP: 8/8
  6361 | D:6      | Bought a +0 pair of boots of rampaging for 149 gold pieces
  6361 | D:6      | Bought the +1 plate armour of the Lost Path {rF+ Int+3} for
                  | 627 gold pieces
  6615 | D:7      | Found Aschoynu's Weapon Emporium.
  6650 | D:7      | Reached skill level 11 in Axes
  6711 | D:7      | Noticed Prince Ribbit
  7062 | D:7      | Killed Prince Ribbit
  7252 | D:8      | Noticed Pikel
  7267 | D:8      | Killed Pikel
  7268 | D:8      | Reached skill level 12 in Axes
  7440 | D:8      | Found a transporter.
  7481 | D:8      | Found a transporter.
  7976 | D:9      | Identified the +1 ring mail "Faxagopt" {Int+2 Stlth+}
  8047 | D:9      | Noticed a kobold demonologist
  8054 | D:9      | Killed a kobold demonologist
  8210 | D:9      | Reached XP level 10. HP: 49/86 MP: 9/9
  8274 | D:9      | Slain by a yak

Illustrated notes

Levels and vault maps discovered:
D:1:      dpeg_arrival_lava_temple_mockup, layout_loops_ring
D:2:      minmay_door_path, layout_basic, shapermc_ecumenical_altar_rom_forum,
          st_stairs_14, uniq_robin
D:3:      layout_basic, serial_corexii_hall, corexii_hall_statues_x,
          chequers_hall_statues_corner_a, minmay_misc_feat_tiny
D:4:      layout_rooms, temple_fountains, dreamdust_princess_bridge,
          kennysheep_generic_room_9, uniq_eustachio
D:5:      layout_loops_ring, makhleb_heckhound_becter,
          kennysheep_generic_room_15, uniq_menkaure
D:6:      layout_basic, portal_sewer_entry_e
D:7:      layout_basic, nicolae_inconvenience_store, grunt_decor_clamped,
          grunt_ministairs_3, uniq_prince_ribbit1
D:8:      layout_basic, gammafunk_ghost_gnarly_gnolls, hangedman_decor_growths,
          uniq_pikel
D:9:      layout_gridville
Temple:   roderic_octagonal_lattice_temple

Skill      XL: |  1  2  3  4  5  6  7  8  9 10 |
---------------+-------------------------------+-----
Axes           | 4 5 6 7 8 10 12 | 12.8
Dodging        | 4 5 |  5.9
Armour         | 1 2 3 4 5 7 8 9 |  9.0
Fighting       | 3 4 5 7 |  7.8
Stealth        | 1 |  1.3
Throwing       | |  2.1

Action                   |  1- 3 |  4- 6 |  7- 9 | 10-12 || total
-------------------------+-------+-------+-------+-------++-------
Melee: War axe           |    77 |    64 |   217 |    20 ||   378
       Headbutt          |     8 |     4 |    35 |     5 ||    52
       Punch             |       |     1 |     3 |     1 ||     5
Invok: Call Merchant     |       |       |     1 |       ||     1
  Use: Scroll            |     4 |     3 |     7 |     1 ||    15
 Stab: Distracted        |       |       |     1 |       ||     1
Armor: Leather armour    |    10 |       |       |       ||    10
       Ring mail         |     9 |    22 |    23 |       ||    54
       Chain mail        |       |       |    15 |       ||    15
       Plate armour      |       |       |    51 |    15 ||    66
Dodge: Dodged            |    48 |    40 |    91 |    11 ||   190
